 Dungeon Crawl Stone Soup version 0.22.1-1-ga44c0e5 (webtiles) character file.

154 Stepladder the Poker (level 5, -9/42 HPs)
             Began as a Merfolk Gladiator on Sept 27, 2018.
             Blown up by Ijyb (15 damage)
             ... with a wand of disintegration (6)
             ... on level 3 of the Dungeon.
             The game lasted 00:08:51 (2488 turns).

Stepladder the Poker (Merfolk Gladiator)            Turns: 2488, Time: 00:08:52

Health: -9/42      AC:  9    Str: 15    XL:     5   Next: 36%
Magic:  5/5        EV: 20    Int:  7    God:
Gold:   64         SH:  0    Dex: 21    Spells: 4/4 levels left

rFire    . . .     SeeInvis .   a - +0 trident
rCold    . . .     Gourm    .   (no shield)
rNeg     . . .     Faith    .   n - +0 ring mail
rPois    .         Spirit   .   c - +0 helmet
rElec    .         Reflect  .   (no cloak)
rCorr    .         Harm     .   s - +2 pair of gloves
MR       .....                  (no boots)
Stlth    ++........             (no amulet)
HPRegen  0.14/turn              (no ring)
MPRegen  0.09/turn              (no ring)

@: agile
A: change form in water, swift swim, stealthy swim
a: no special abilities


You were on level 3 of the Dungeon.
You were not hungry.

You visited 1 branch of the dungeon, and saw 3 of its levels.

You collected 64 gold pieces.

Inventory:

Hand Weapons
 a - a +0 trident (weapon)
 e - a +0 hunting sling of freezing
Missiles
 d - a throwing net
 h - 37 stones (quivered)
Armour
 c - a +0 helmet (worn)
 n - a +0 ring mail (worn)
 s - a +2 pair of gloves (worn)
Scrolls
 g - a scroll of teleportation {unknown}
 o - a scroll of amnesia {unknown}
Potions
 k - a potion of heal wounds {unknown}
 p - a potion of cancellation {unknown}
 q - a potion of curing
 t - a potion of brilliance {unknown}
Comestibles
 f - 9 rations


   Skills:
 + Level 3.7 Fighting
 + Level 6.0 Polearms
 - Level 2.0 Throwing
 + Level 5.6 Dodging


You had 4 spell levels left.
You didn't know any spells.
Your spell library was empty.

Dungeon Overview and Level Annotations

Branches:
Dungeon (3/15)

Altars:
Nemelex Xobeh

Annotations:
D:3 Ijyb


Message History

You puncture Ijyb!
Ijyb is severely wounded.
Ijyb zaps a wand.
You are blasted!
* * * LOW HITPOINT WARNING * * *
It was a potion of agility.
You feel agile all of a sudden. Ijyb hits you but does no damage.
You hit Ijyb.
Ijyb is severely wounded.
Ijyb misses you.
You hit Ijyb.
Ijyb is almost dead.
Ijyb drinks a potion.
Ijyb is healed!
You hit Ijyb but do no damage.
Ijyb is heavily wounded.
Ijyb drinks a potion.
Ijyb is healed!
You puncture Ijyb!
Ijyb is heavily wounded.
Ijyb zaps a wand.
You are blasted!
You die...

################.#
#................#
#.##############.#
#.#............#.#
#.#.##########.#.#
#.........####.#.#
###.#####.....†#)#
#.# #########[# ....
#@# #.........#
....##########g#
#.#########
............##.# #)#
............##.# #.#
............##(# #.#
..........K...(# #.#
.........g..#### #.#
.......?....#######.#
....(.........)....>#


You could see Ijyb.

Vanquished Creatures
  A big kobold (D:2)
  3 adders
  An ooze (D:2)
  A worm (D:2)
  A dart slug (D:2)
  2 leopard geckos (D:2)
  An orc (D:2)
  A bat (D:1)
  A giant cockroach (D:1)
  7 goblins
  10 hobgoblins
  4 jackals (D:1)
  9 kobolds
  A ball python (D:1)
  3 frilled lizards
46 creatures vanquished.

Notes
Turn   | Place    | Note
-------+----------+-------------------------------------------
     0 | D:1      | Stepladder the Merfolk Gladiator began the quest for the
                  | Orb.
     0 | D:1      | Reached XP level 1. HP: 16/16 MP: 1/1
   222 | D:1      | Reached XP level 2. HP: 23/23 MP: 2/2
  1065 | D:1      | Reached XP level 3. HP: 28/28 MP: 3/3
  1113 | D:1      | Reached skill level 5 in Polearms
  1615 | D:2      | Noticed a big kobold
  1643 | D:2      | Killed a big kobold
  1643 | D:2      | Reached skill level 5 in Dodging
  1643 | D:2      | Reached XP level 4. HP: 24/35 MP: 4/4
  2101 | D:2      | Reached XP level 5. HP: 40/41 MP: 5/5
  2222 | D:2      | Found a sparkling altar of Nemelex Xobeh.
  2264 | D:3      | Reached skill level 6 in Polearms
  2386 | D:3      | Noticed Ijyb
  2488 | D:3      | Blown up by Ijyb

Skill      XL: |  1  2  3  4  5 |
---------------+----------------+-----
Polearms       | 5 6 |  6.0
Fighting       | 3 |  3.7
Dodging        | 5 |  5.6
Throwing       | |  2.0

Action                   |  1- 3 |  4- 6 || total
-------------------------+-------+-------++-------
Melee: Trident           |   120 |    83 ||   203
 Fire: Hunting sling     |       |     4 ||     4
Throw: Throwing net      |     3 |       ||     3
       Stone             |    24 |     9 ||    33
  Use: Scroll            |     2 |     2 ||     4
       Potion            |       |     1 ||     1
 Stab: Held in net/web   |     1 |       ||     1
       Sleeping          |       |     1 ||     1
  Eat: Chunk             |     2 |     3 ||     5
Armor: Leather armour    |    25 |     1 ||    26
       Ring mail         |       |     8 ||     8
Dodge: Dodged            |    66 |    50 ||   116
